Map: Backwater LE

Players

ZODIAC

  • Race: Terran Terran
  • League: Diamond
  • Spawn Location: 5:00

DAW - Winner!

  • Race: Zerg Zerg
  • League: Diamond
  • Spawn Location: 11:00

VOD

Have the link to the VOD?

Description

Just a replay for Neuro to watch / meme XD

Time

  • Played on: March 30, 2018, 11:35 p.m.
  • Length: 14:37
Show
View Real Time Build Order
Export as new Build Order

ZODIAC Terran 

Build Orders:  

Get SALT Encoding   

  12  0:01  SCV  
  13  0:13  SCV  
  14  0:17  Supply Depot  
  14  0:25  SCV  
  15  0:39  SCV  
  15  0:40  Barracks  
  16  0:51  SCV  
  16  0:56  Refinery  
  17  1:03  SCV  
  18  1:15  SCV  
  19  1:28  Orbital Command  
  19  1:32  Supply Depot  
  20  1:39  Reaper  
  20  1:54  Command Center  
  20  1:56  SCV  
  21  2:11  Marine  
  21  2:12  SCV  
  23  2:24  Factory  
  23  2:25  SCV  
  24  2:30  Refinery  
  24  2:31  Marine  
  25  2:38  Supply Depot  
  25  2:45  SCV  
  25  2:49  Marine  
  26  2:58  SCV  
  27  3:18  Orbital Command  
  26  3:21  Factory Tech Lab  
  26  3:25  Barracks  
  26  3:26  Barracks  
  26  3:29  SCV  
  26  3:32  Marine  
  28  3:39  Bunker  
  28  3:41  Siege Tank, SCV  
  32  3:54  Starport  
  32  3:56  Marine  
  32  3:57  SCV  
  32  3:58  SCV  
  35  4:14  Siege Tank  
  35  4:16  Marine x3  
  41  4:30  SCV x2  
  43  4:34  Supply Depot, Marine x3  
  43  4:35  Supply Depot, Starport Reactor  
  46  4:46  Siege Tank  
  46  4:49  Barracks  
  49  4:56  Barracks  
  49  4:57  SCV x2  
  51  5:03  Liberator  
  51  5:04  Marine x3  
  54  5:20  Medivac  
  59  5:24  SCV x2  
  61  5:38  Barracks Tech Lab x2  
  61  5:39  Marine x2  
  63  5:43  Bunker  
  63  5:48  Supply Depot x2  
  63  5:51  Siege Tank  
  66  6:07  Orbital Command  
  66  6:18  Stimpack  
  66  6:33  SCV x2  
  66  6:34  Supply Depot x2  
  68  6:41  Marauder x2, Marine x3  
  68  6:43  Supply Depot x2, Command Center  
  68  6:45  SCV x2  
  77  6:57  SCV x2  
  79  7:09  Refinery, SCV x2  
  79  7:10  Refinery  
  81  7:15  Engineering Bay  
  81  7:17  Engineering Bay  
  81  7:21  Barracks Reactor x2  
  81  7:22  Barracks Reactor  
  81  7:23  Marauder x2, Armory  
  85  7:31  SCV x2  
  85  7:34  Medivac  
  89  7:43  SCV  
  90  7:47  SCV  
  90  7:50  Marine x2  
  93  7:53  Siege Tank  
  93  7:55  SCV  
  97  8:13  Marine  
  97  8:17  Marauder, Marine x2  
  97  8:18  Marauder, Marine x3  
  107  8:25  Terran Infantry Armor Level 1, Terran Infantry Weapons Level 1  
  107  8:26  Terran Vehicle Weapons Level 1  
  104  8:32  Orbital Command  
  104  8:49  SCV x2  
  104  8:55  Medivac x2  
  108  8:57  Marauder x2, Marine x6  
  108  9:01  SCV  
  121  9:05  Supply Depot  
  121  9:06  Supply Depot  
  121  9:14  Marine  
  122  9:22  Barracks  
  122  9:23  Barracks  
  122  9:29  Barracks  
  122  9:30  Marine  
  122  9:31  Marauder x2, Marine  
  127  9:32  Barracks  
  127  9:34  Barracks  
  128  9:43  Marine x2  
  134  9:52  Marauder  
  134  9:53  Marauder  
  132  10:05  Marine  
  132  10:06  Marine x5  
  134  10:13  Marine x2  
  132  10:14  Siege Tank  
  135  10:23  Factory, Marine  
  135  10:25  Factory  
  135  10:27  Marine  
  137  10:31  Barracks Tech Lab x2  
  137  10:32  Barracks Reactor x2, Barracks Tech Lab  
  137  10:33  Marine x3  
  137  10:34  Marauder x2, Marine  
  145  10:39  Refinery  
  145  10:41  Refinery  
  145  10:48  Marine x2  
  145  10:49  Marine  
  148  10:59  Supply Depot  
  148  11:03  Supply Depot  
  148  11:06  Supply Depot x2  
  148  11:13  Missile Turret  
  148  11:14  Missile Turret  
  148  11:16  Missile Turret  
  148  11:19  SCV  
  148  11:21  Siege Tank, Marauder, SCV x2  
  148  11:25  Marauder  
  158  11:31  SCV  
  159  11:33  Marauder, Marine  
  159  11:34  Marauder x2, Marine x9  
  159  11:37  SCV  
  159  11:38  SCV  
  177  11:42  Marauder  
  177  11:43  SCV  
  177  11:45  Missile Turret  
  177  11:46  Marine  
  181  11:58  Marine  
  181  11:59  Marine  
  181  12:00  Marine x2  
  177  12:09  Marauder x2  
  181  12:19  Terran Infantry Armor Level 2, Terran Infantry Weapons Level 2  
  181  12:23  Supply Depot  
  181  12:24  Supply Depot  
  181  12:26  Supply Depot  
  181  12:29  Supply Depot  
  181  12:44  Marauder x3, Missile Turret, Marine x2  
  181  12:45  Marauder, Missile Turret x2, Marine x4  
  181  12:47  Missile Turret  
  181  12:49  Factory Tech Lab  
  181  12:50  Factory Tech Lab  
  181  12:51  Siege Tank  
  198  13:02  Barracks Reactor  
  198  13:06  Marauder  
  98  13:56  Marine  
  98  13:57  Marine x13  
  98  14:00  Siege Tank x2  
  98  14:01  Siege Tank  
  82  14:14  Barracks Reactor, Marine  
  82  14:15  Marine x11  
  94  14:19  Missile Turret  
  94  14:20  Missile Turret  
Show
View Real Time Build Order
Export as new Build Order

DAW Zerg - Winner!

Build Orders: Hatch First, Muta Ling Bane 

Get SALT Encoding   

  12  0:03  Drone  
  13  0:15  Overlord  
  13  0:30  Drone  
  15  0:42  Drone  
  15  0:43  Drone x2  
  17  0:57  Hatchery  
  17  0:58  Extractor  
  17  1:00  Drone  
  16  1:05  Drone  
  17  1:18  Spawning Pool  
  17  1:24  Drone  
  17  1:33  Drone  
  18  1:44  Drone  
  19  1:47  Overlord  
  19  2:05  Metabolic Boost  
  19  2:08  Queen  
  21  2:09  Queen  
  23  2:16  Drone x2  
  23  2:20  Drone  
  26  2:29  Zergling x4  
  28  2:35  Zergling x2  
  29  2:59  Drone x3  
  29  3:00  Drone x2  
  34  3:12  Hatchery  
  33  3:15  Spore Crawler  
  33  3:23  Drone x3  
  33  3:25  Overlord x2  
  36  3:45  Drone x3  
  36  3:46  Drone x3  
  42  3:54  Evolution Chamber  
  41  3:55  Lair  
  41  3:56  Evolution Chamber  
  41  3:58  Extractor  
  41  4:02  Extractor  
  38  4:05  Zergling x10  
  43  4:25  Drone x3  
  43  4:29  Baneling Nest  
  45  4:32  Queen  
  45  4:34  Drone x4  
  45  4:35  Drone x3  
  45  4:38  Drone x3  
  57  4:50  Overlord  
  57  4:54  Overlord  
  57  5:08  Queen  
  57  5:13  Drone x5, Overlord  
  57  5:14  Overlord  
  64  5:33  Centrifical Hooks  
  64  5:38  Extractor  
  63  6:16  Baneling x5  
  63  6:17  Baneling x4  
  63  6:18  Zergling x12  
  67  6:19  Zergling x10  
  74  6:27  Spire  
  73  6:35  Drone x10  
  83  6:40  Extractor  
  83  6:42  Extractor  
  81  6:50  Zerg Melee Weapons Level 1  
  81  6:51  Zerg Ground Armor Level 1  
  81  7:15  Hatchery  
  80  7:17  Infestation Pit  
  79  7:39  Mutalisk x4  
  79  7:40  Mutalisk  
  79  7:42  Overlord x5  
  79  7:43  Overlord x3  
  89  7:46  Pneumatized Carapace  
  89  8:11  Hive  
  84  8:34  Queen  
  84  8:36  Drone x7  
  84  8:37  Drone x6  
  99  9:25  Drone  
  99  9:26  Drone x5  
  99  9:30  Extractor  
  104  9:35  Extractor, Zergling x16  
  104  9:36  Mutalisk x5, Zergling x4  
  104  9:37  Mutalisk x5  
  129  10:19  Ultralisk Cavern  
  129  10:20  Queen  
  130  10:41  Hatchery  
  129  10:45  Queen x3  
  135  10:56  Queen  
  137  10:59  Overlord x6  
  137  11:00  Overlord  
  137  11:04  Zerg Melee Weapons Level 2, Zerg Ground Armor Level 2  
  137  11:06  Pathogen Glands  
  137  11:08  Infestor  
  137  11:09  Infestor x4  
  147  11:21  Queen  
  149  11:29  Baneling  
  149  11:30  Baneling x25  
  149  11:31  Zergling x2  
  149  11:32  Zergling x26  
  163  12:13  Hatchery  
  162  12:58  Ultralisk  
  162  12:59  Ultralisk x5  
  145  14:19  Zergling x2  
  145  14:20  Zergling x18  
Tags
 
Composition
Muta Ling Bane
Matchup
TvZ
Spawn Locations
Cross Positions
Add a new tag
Caveats
  • Supply blocks, unpowered buildings, or Contaminate may cause inaccurate times.
  • Supply counts are checked every 10 seconds.